 Dungeon Crawl Stone Soup version 0.32-a0-711-g016ad74 (webtiles) character file.

Game seed: 118233593384754395

1096 PidgeyThePirate the Skirmisher (level 8, -2/66 HPs)
             Began as a Coglin Hunter on Mar 15, 2024.
             Was a Believer of Okawaru.
             Succumbed to their own poison gas
             ... on level 6 of the Dungeon.
             The game lasted 00:11:17 (4196 turns).

PidgeyThePirate the Skirmisher (Coglin Hunter)      Turns: 4196, Time: 00:11:17

Health: -2/66      AC:  4    Str: 14    XL:     8   Next: 31%
Magic:  8/8        EV: 11    Int:  8    God:    Okawaru [**....]
Gold:   1227       SH:  0    Dex: 18    Spells: 7/7 levels left

rFire   . . .        a - +2 sling {Synnove}
rCold   . . .        d - +0 sling {Belessunu}
rNeg    . . .        c - +1 leather armour
rPois   .            (helmet restricted)
rElec   .            (no cloak)
rCorr   .            (no gloves)
SInv    .            (no boots)
Will    .....        (amulet unavailable)
Stlth   ++           (ring unavailable)
HPRegen 0.31/turn    (ring unavailable)
MPRegen 0.11/turn    (no gizmo)

%: no passive effects
@: lethally poisoned (-2 -> -33), attractive
A: off-hand wielding, slow wielding, warmup strikes, no jewellery, horns 1,
robust 1
a: Invent Gizmo, Renounce Religion, Heroism


You were on level 6 of the Dungeon.
You worshipped Okawaru.
Okawaru was pleased with you.
You visited 1 branch of the dungeon, and saw 6 of its levels.
You also visited: Sewer.

You collected 1227 gold pieces.

Inventory:

Hand Weapons
 a - a +2 sling (weapon) {Synnove}
 d - a +0 sling (offhand) {Belessunu}
Missiles
 j - a throwing net
Armour
 c - a +1 leather armour (worn)
Scrolls
 f - 2 scrolls of immolation
 g - a scroll of identify
Potions
 h - 4 potions of degeneration
 i - 3 potions of mutation
 k - a potion of might
 m - 3 potions of enlightenment
 q - a potion of lignification


   Skills:
 + Level 4.2 Fighting
 + Level 8.5 Ranged Weapons
 + Level 2.0 Armour
 + Level 1.9 Dodging
 + Level 1.0 Stealth


You had 7 spell levels left.
You didn't know any spells.
Your spell library contained the following spells:

 Spells                   Type           Power      Damage    Failure   Level
 Slow                     Hex            0%         N/A       47%         1
 Confusing Touch          Hex            0%         N/A       85%         3
 Hailstorm                Conj/Ice       0%         3d5       85%         3
 Vampiric Draining        Necr           0%         2d6       85%         3
 Passage of Golubria      Tloc           0%         N/A       99%         4
 Yara's Violent Unravell  Hex/Alch       0%         3d3       100%        5
 Permafrost Eruption      Ice/Erth       0%         2x4d2     100%        6
 Summon Ice Beast         Ice/Summ       Unusable   N/A       N/A         3
 Tukima's Dance           Hex            Unusable   N/A       N/A         3
 Sculpt Simulacrum        Ice/Alch       Unusable   N/A       N/A         6

Dungeon Overview and Level Annotations

Branches:
Dungeon (6/15)              Sewer (visited)
 Temple: D:4-7

Altars:
Ashenzari
Dithmenos
Okawaru
Trog
Wu Jian

Shops:
D:1 *

Annotations:
D:3 2 transporters


Innate Abilities, Weirdness & Mutations

You can wield a second weapon in your off-hand.
It takes a long time for you to wield or remove held weapons.
Your first few attacks do less damage.
You cannot equip rings or amulets.
You have a pair of small horns on your head.
You are robust. (+10% HP)


Message History

You are too confused!
It was a potion of attraction.
You feel attractive to monsters. The hound bites you.
The orc hits you with a +0 flail. The orc hits you but does no damage.
The adder closely misses you. The hound completely misses you.
The orc is attracted toward you.
It was a potion of heal wounds.
You feel much better.
You feel less confused. The orc barely misses you.
The adder closely misses you. The hornet stings you!
You are poisoned.
You feel yourself slow down. The hound barely misses you.
Blink to where?
Press: ? - help, Dir - move target
As you read the scroll of blinking, it crumbles to dust.
You feel very sick. The hound closely misses you.
The orc is attracted toward you.
You feel yourself speed up.
You feel sick. The hound bites you. The orc misses you. The hound bites you.
The hound bites you but does no damage. The orc is attracted toward you.
You climb downwards.
Reactivating autopickup.
You feel sick. The skeletal warrior misses you.
The skeletal warrior hits you with a +0 hand axe!
The skeletal warrior hits you with a +0 short sword!
There is a stone staircase leading up, spattered with blood here.
You feel sick. The hound bites you.
You feel sick. The hound bites you but does no damage.
The air fills with toxic fumes!
As you read the scroll labelled SINEUPP APOHUOD, it crumbles to dust.
It was a scroll of poison.
You feel sick. The hound barely misses you.
The orc hits you but does no damage. The skeletal warrior barely misses you.
You are engulfed in poison gas.
You are more poisoned.
* * * LOW HITPOINT WARNING * * *
x2 You feel very sick.
The hound attacks as it pursues you! The hound barely misses you. x2
You are engulfed in poison gas.
You are lethally poisoned!
* * * LOW HITPOINT WARNING * * *
You die...

.........# ##§§§§##§§§..#.....
.........# #§§§§§§§§§........
........§####§§§§§§§§§........
........§§##§§§§§§§§§§......##
........§§§§§§§.§§§§§§#####.##
........§§§§§§oz§§§#### #...#
.$......§§§§§§zh.§## ##....
........§§§§§§§§§§## ##...#.
.......[§§§§§@§§§§§#####...###
.......§§§§§§§§§§§§§..##..###
......§§##§§§§§§§#§§..#..##.
.....## #§§§§##§###........ .
#§§§§§.§###........
.§§##§§..#...##..... ...
..#.........#...
......##.|......##..
......##........#...


You could see 2 skeletal warriors, a hound and an orc.

Vanquished Creatures
  Grinder (D:3)
  A brain worm (Sewer)
  4 wights (D:3)
  A howler monkey (D:6)
  A hound (D:4)
  A gnoll bouda (D:5)
  2 orc priests (D:4)
  A jelly (D:5)
  4 iguanas
  A sleepcap (D:5)
  An orc wizard (D:4)
  6 adders
  5 gnolls
  2 river rats (Sewer)
  2 dart slugs
  5 ribbon worms
  21 orcs
  13 bats
  3 endoplasms
  7 giant cockroaches
  4 goblins
  10 hobgoblins
  19 jackals
  4 quokkas
  14 ball pythons
  8 frilled lizards
  5 kobolds
  3 rats
149 creatures vanquished.

Notes
Turn   | Place    | Note
-------+----------+-------------------------------------------
     0 | D:1      | PidgeyThePirate the Coglin Hunter began the quest for the
                  | Orb.
     0 | D:1      | Reached XP level 1. HP: 16/16 MP: 1/1
    32 | D:1      | Reached XP level 2. HP: 22/22 MP: 2/2
    64 | D:1      | Reached skill level 4 in Ranged Weapons
   399 | D:1      | Found Tuosic's Assorted Antiques.
   407 | D:1      | Reached XP level 3. HP: 27/27 MP: 3/3
  1256 | D:3      | Reached XP level 4. HP: 30/33 MP: 4/4
  1283 | D:3      | Found a glowing drain.
  1293 | Sewer    | Entered a sewer
  1317 | Sewer    | Reached skill level 5 in Ranged Weapons
  1469 | Sewer    | Gained mutation: Your mind is acute. (Int +4, Str/Dex -1)
                  | [potion of mutation]
  1470 | Sewer    | Lost mutation: Your mind is acute. (Int +4, Str/Dex -1)
                  | [potion of mutation]
  1470 | Sewer    | Gained mutation: You are robust. (+10% HP) [potion of
                  | mutation]
  1470 | Sewer    | Gained mutation: You have a pair of small horns on your
                  | head. [potion of mutation]
  1620 | Sewer    | Noticed a brain worm
  1623 | Sewer    | Reached XP level 5. HP: 42/42 MP: 5/5
  1944 | D:3      | Found an iron altar of Okawaru.
  1981 | D:3      | Became a worshipper of Warmaster Okawaru
  2047 | D:3      | Noticed Grinder
  2065 | D:3      | Reached skill level 6 in Ranged Weapons
  2065 | D:3      | Reached XP level 6. HP: 32/50 MP: 6/6
  2160 | D:3      | Found a transporter.
  2164 | D:3      | Noticed a kobold demonologist
  2222 | D:3      | Found a transporter.
  2228 | D:3      | Identified a scroll of acquirement
  2228 | D:3      | Acquired 896 gold pieces
  2495 | D:3      | Killed Grinder
  2495 | D:3      | Reached * piety under Okawaru
  2496 | D:3      | Reached skill level 1 in Armour
  2496 | D:3      | Reached XP level 7. HP: 37/57 MP: 7/7
  2626 | D:3      | Reached skill level 7 in Ranged Weapons
  2659 | D:3      | Reached skill level 1 in Stealth
  2733 | D:3      | Found a broken altar of Ashenzari.
  2733 | D:3      | Found a bloodstained altar of Trog.
  2954 | D:4      | Reached ** piety under Okawaru
  3028 | D:4      | Identified the +8 short sword "Mud Pie of Death" {pain,
                  | rPois Int+3}
  3406 | D:5      | Entered Level 5 of the Dungeon
  3406 | D:5      | Noticed a hornet
  3492 | D:6      | Reached skill level 8 in Ranged Weapons
  3492 | D:6      | Reached XP level 8. HP: 66/66 MP: 8/8
  3523 | D:6      | Found an ornate altar of the Wu Jian Council.
  4062 | D:6      | Found a shadowy altar of Dithmenos.
  4161 | D:6      | Noticed a skeletal warrior
  4163 | D:6      | Noticed a skeletal warrior
  4196 | D:6      | Succumbed to their own poison gas

Illustrated notes

Levels and vault maps discovered:
D:1:      shiori_shiawase, layout_rooms, serial_shops,
          nicolae_shop_advertising_works [nicolae_subvault_shop_adworks],
          st_stairs_3
D:2:      layout_basic
D:3:      gammafunk_wand_slinger, layout_basic, old_standard_altar,
          mainiacjoe_overflow_divided_tiny,
          mainiacjoe_sewer_entry_somewhere_in_here_2, nicolae_wormholes,
          uniq_grinder
D:4:      layout_rooms, kennysheep_potato
D:5:      layout_basic, serial_shops, shop, nrook_pool_corridor,
          nicolae_elemental_shop
D:6:      layout_cave_pools, mainiacjoe_overflow_cross_hatched,
          mainiacjoe_overflow_concentric_impassable, mainiacjoe_overflow_paths,
          gammafunk_temple_overflow_elements, minmay_temple_entry_junction

Skill      XL: |  1  2  3  4  5  6  7  8 |
---------------+-------------------------+-----
Ranged Weapons | 4 5 6 8 |  8.5
Fighting       | 3 4 |  4.2
Armour         | 1 2 |  2.0
Stealth        | 1 |  1.0
Dodging        | |  1.9

Action                     |  1- 3 |  4- 6 |  7- 9 || total
---------------------------+-------+-------+-------++-------
   Fire: Sling             |   154 |   260 |   360 ||   774
 Invoke: Heroism           |       |       |     1 ||     1
    Use: Potion            |       |     8 |     3 ||    11
         Scroll            |       |    11 |     3 ||    14
 Armour: Leather armour    |     7 |    38 |    70 ||   115
  Dodge: Dodged            |     8 |    41 |    80 ||   129

Table legend: (Time is in decaauts)
 A = Elapsed time spent in this place.
 B = Non-inter-level travel time spent in this place.
 C = Inter-level travel time spent in this place.
 D = Time resting spent in this place.
 E = Time spent auto-exploring this place.
 F = Levels seen in this place.
 G = Mean time per level.
                   A        B        C        D        E       F      G
               +--------+--------+--------+--------+--------+-----+--------+
         Total |   4435 |   4296 |    139 |      0 |   3316 |   7 |  633.6 |
       Dungeon |   3616 |   3477 |    139 |      0 |   2726 |   6 |  602.7 |
         Sewer |    818 |    818 |      0 |      0 |    589 |   1 |  818.0 |
               +--------+--------+--------+--------+--------+-----+--------+

Top non-repeatable levels by time:
     D:3: 1088 daAuts
   Sewer: 818 daAuts
     D:2: 784 daAuts
     D:4: 560 daAuts
     D:5: 445 daAuts
     D:1: 443 daAuts
     D:6: 294 daAuts
